 Dungeon Crawl Stone Soup version 0.23-a0-644-gb60d84b (webtiles) character file.

310 Borgoz the Sneak (level 6, -1/41 HPs)
             Began as a Halfling Assassin on Jan 1, 2019.
             Slain by an orc priest
             ... wielding a +0 war axe
              (7 damage)
             ... on level 3 of the Dungeon on Jan 2, 2019.
             The game lasted 00:06:04 (2417 turns).

Borgoz the Sneak (Halfling Assassin)                Turns: 2417, Time: 00:06:05

Health: -1/41      AC:  3    Str: 14    XL:     6   Next: 70%
Magic:  6/6        EV: 15    Int:  9    God:
Gold:   131        SH:  0    Dex: 16    Spells: 5/5 levels left

rFire    . . .     SeeInvis .   a - +1 short sword (venom)
rCold    . . .     Gourm    .   (shield restricted)
rNeg     . . .     Faith    .   c - +0 robe
rPois    .         Spirit   .   (no helmet)
rElec    .         Reflect  .   d - +0 cloak
rCorr    .         Harm     .   (no gloves)
MR       .....                  (no boots)
Stlth    +.........             l - amulet of rage
HPRegen  0.13/turn              (no ring)
MPRegen  0.10/turn              (no ring)

@: confused
A: small, mutation resistance 1
a: Evoke Berserk Rage


You were on level 3 of the Dungeon.
You were not hungry.

You visited 1 branch of the dungeon, and saw 3 of its levels.

You collected 131 gold pieces.

Inventory:

Hand Weapons
 a - a +1 short sword of venom (weapon)
 b - a +0 blowgun
Missiles
 e - 8 poisoned needles
 f - 2 curare-tipped needles
 q - a throwing net (quivered)
Armour
 c - a +0 robe (worn)
 d - a +0 cloak (worn)
Jewellery
 l - an amulet of rage (around neck)
Scrolls
 k - a scroll of remove curse {unknown}
 m - 3 scrolls of identify {unknown}
 o - a scroll of teleportation {unknown}
 r - a scroll of enchant weapon {unknown}
Potions
 h - a potion of flight {unknown}
 i - a potion of lignification {unknown}
 n - a potion of resistance {unknown}
Comestibles
 g - 4 rations
 j - 4 chunks of flesh


   Skills:
 * Level 2.6 Fighting
 * Level 5.3 Short Blades
 + Level 2.1 Throwing
 * Level 2.3 Dodging
 * Level 6.2 Stealth


You had 5 spell levels left.
You didn't know any spells.
Your spell library was empty.

Dungeon Overview and Level Annotations

Branches:
Dungeon (3/15)

Altars:
Uskayaw


Innate Abilities, Weirdness & Mutations

You are small and have problems with some larger weapons.
You are somewhat resistant to further mutation.


Message History

* * * LOW HITPOINT WARNING * * *
You hit the orc priest but do no damage.
The orc priest looks as sick as possible!
The orc priest is moderately wounded.
The orc wizard casts a cantrip, but nothing happens.
Okay, then.
You barely miss the orc priest.
The orc priest is moderately wounded.
You hit the orc priest.
The orc priest looks as sick as possible!
The orc priest is severely wounded.
The orc priest hits you with a +0 war axe.
* * * LOW HITPOINT WARNING * * *
The orc wizard misses you.
It was a potion of ambrosia.
You are confused.
You feel invigorated.
The orc wizard casts a cantrip, but nothing happens.
The orc priest hits you with a +0 war axe!
You die...

#.# #.# #.#
####..#.#
.........
.....#.#######
...#oo((.$..
#.#@# #...#
#...# #...#
#.#.# #.#.#
#.#># #.###
#.#


You could see an orc priest and an orc wizard.

Vanquished Creatures
  An orc priest (D:3)
  2 orc wizards (D:3)
  Natasha (twice) (D:2)
  3 gnolls (D:2)
  4 adders (D:2)
  3 oozes (D:2)
  2 worms (D:2)
  A dart slug (D:1)
  A leopard gecko (D:2)
  11 orcs (D:3)
  5 giant cockroaches
  9 hobgoblins
  3 jackals (D:2)
  7 kobolds
  3 quokkas
  6 bats
  3 frilled lizards
  9 goblins
  5 rats
80 creatures vanquished.

Notes
Turn   | Place    | Note
-------+----------+-------------------------------------------
     0 | D:1      | Borgoz the Halfling Assassin began the quest for the Orb.
     0 | D:1      | Reached XP level 1. HP: 14/14 MP: 1/1
    55 | D:1      | Reached XP level 2. HP: 12/19 MP: 2/2
   320 | D:1      | Reached skill level 5 in Stealth
   770 | D:2      | Reached XP level 3. HP: 16/24 MP: 3/3
  1021 | D:2      | Found a faded altar of an unknown god.
  1059 | D:2      | Reached XP level 4. HP: 29/29 MP: 4/4
  1207 | D:3      | Reached XP level 5. HP: 6/34 MP: 5/5
  1517 | D:2      | Noticed Natasha
  1524 | D:2      | Killed Natasha
  1765 | D:2      | Noticed Natasha
  1766 | D:2      | Found a hide-covered altar of Uskayaw.
  1771 | D:2      | Killed Natasha
  1771 | D:2      | Reached skill level 6 in Stealth
  1844 | D:2      | Reached XP level 6. HP: 36/40 MP: 6/6
  2077 | D:2      | Reached skill level 5 in Short Blades
  2417 | D:3      | Slain by an orc priest

Vault maps used:
D:1:      nzn_arrival_water_spiral
D:2:      lemuel_crystal_altar, chequers_ecumenical_altar_island, serial_forest,
          infiniplex_forest_zigzag_1, infiniplex_forest_clump_curved,
          infiniplex_forest_clump_tiny, infiniplex_forest_clump_C,
          infiniplex_forest_lined_room_, serial_bayou_pond_b,
          minmay_goblin_kobold_house, uniq_natasha
D:3:      first_ration

Skill      XL: |  1  2  3  4  5  6 |
---------------+-------------------+-----
Stealth        | 5 6 |  6.2
Short Blades   | 3 4 5 |  5.3
Fighting       | 2 |  2.6
Dodging        | 2 |  2.3
Throwing       | |  2.1

Action                   |  1- 3 |  4- 6 || total
-------------------------+-------+-------++-------
Melee: Dagger            |    34 |       ||    34
       Short sword       |    30 |   146 ||   176
 Fire: Blowgun           |       |    15 ||    15
  Use: Potion            |       |     1 ||     1
 Stab: Sleeping          |     9 |     6 ||    15
       Distracted        |       |     1 ||     1
  Eat: Chunk             |       |     5 ||     5
Armor: Robe              |     9 |    25 ||    34
Dodge: Dodged            |    37 |   101 ||   138

Table legend:
 A = Non-vault XP
 B = Vault XP
 C = Vault XP percentage of total XP
 D = Non-vault monster count
 E = Vault monster count
 F = Vault count percentage of total count
                 A         B        C        D         E       F
            +---------+---------+-------+---------+---------+-------
      Total |     384 |      60 |  13.5 |      73 |       7 |   8.8
            +---------+---------+-------+---------+---------+-------
        D:1 |      25 |       0 |   0.0 |      15 |       0 |   0.0
        D:2 |     188 |      60 |  24.2 |      36 |       7 |  16.3
        D:3 |     171 |       0 |   0.0 |      22 |       0 |   0.0
            +---------+---------+-------+---------+---------+-------
